Map: Year Zero LE

Players

StWaffle - Winner!

  • Race: Zerg Zerg
  • League: Diamond
  • Spawn Location: 1:00

zheeze

  • Race: Terran Terran
  • League: Diamond
  • Spawn Location: 11:00

VOD

Have the link to the VOD?

Description

Time

  • Played on: March 14, 2019, 3:07 p.m.
  • Length: 11:37
Show
View Real Time Build Order
Export as new Build Order

StWaffle Zerg - Winner!

Build Orders: Hatch First, Roach Nydus 

Get SALT Encoding   

  12  0:01  Drone  
  13  0:13  Overlord  
  13  0:20  Drone  
  14  0:32  Drone x2  
  16  0:51  Hatchery  
  16  0:54  Drone  
  16  0:56  Drone  
  17  1:11  Spawning Pool  
  16  1:14  Drone  
  16  1:17  Drone  
  18  1:22  Drone  
  19  1:29  Drone  
  19  1:31  Extractor  
  19  1:40  Drone  
  20  1:55  Overlord  
  20  2:04  Queen  
  20  2:05  Queen  
  20  2:07  Zergling x4  
  26  2:13  Drone  
  26  2:14  Drone  
  29  2:22  Drone  
  29  2:30  Drone  
  29  2:35  Overlord  
  30  2:41  Lair  
  30  2:42  Queen  
  32  2:50  Drone x3  
  35  2:55  Overlord  
  35  3:01  Drone  
  36  3:11  Overlord  
  36  3:12  Drone  
  37  3:14  Drone  
  37  3:15  Drone x4  
  37  3:16  Drone  
  43  3:20  Extractor  
  43  3:26  Roach Warren  
  41  3:33  Overlord  
  41  3:36  Drone x3  
  44  3:48  Nydus Network  
  43  4:04  Drone x3  
  43  4:05  Extractor  
  43  4:07  Roach  
  43  4:08  Roach x4  
  55  4:14  Roach  
  57  4:25  Nydus Canal  
  57  4:29  Roach x2  
  61  4:35  Drone  
  61  4:48  Hatchery  
  57  4:54  Nydus Canal  
  57  5:01  Spire  
  56  5:08  Drone  
  56  5:09  Drone x5  
  56  5:12  Extractor  
  56  5:14  Queen x2  
  65  5:31  Drone x2  
  67  5:36  Overlord x2  
  67  5:39  Extractor  
  49  6:05  Roach x4  
  57  6:14  Roach  
  57  6:15  Roach  
  55  6:23  Mutalisk x2  
  59  6:27  Nydus Canal  
  59  6:32  Drone x2  
  51  6:55  Mutalisk  
  51  6:56  Mutalisk x3  
  49  7:10  Mutalisk x2  
  53  7:20  Drone  
  53  7:21  Drone x3  
  51  7:31  Drone  
  51  7:32  Drone  
  51  7:33  Drone  
  54  7:43  Queen x3  
  60  7:44  Roach x2  
  60  7:45  Roach  
  60  7:46  Glial Reconstitution  
  66  7:55  Drone  
  66  7:56  Drone x2  
  69  8:06  Drone  
  69  8:07  Drone x2  
  64  8:26  Roach x2  
  64  8:27  Roach x5  
  71  8:38  Roach x2  
  71  8:39  Roach  
  71  8:50  Roach x4  
  63  9:06  Roach x2  
  59  9:16  Drone x3  
  50  9:17  Drone  
  50  9:24  Spine Crawler  
  39  9:39  Roach x4  
  45  9:46  Drone x2  
  45  9:47  Drone  
  45  9:49  Drone  
  49  10:44  Nydus Canal  
  49  11:03  Roach  
  49  11:04  Roach x8  
  49  11:21  Hatchery  
Show
View Real Time Build Order
Export as new Build Order

zheeze Terran 

Build Orders:  

Get SALT Encoding   

  12  0:01  SCV  
  13  0:13  SCV  
  14  0:19  Supply Depot  
  14  0:26  SCV  
  15  0:40  SCV  
  15  0:41  Barracks  
  16  0:51  Barracks  
  16  0:55  SCV  
  17  1:06  Refinery  
  17  1:07  Refinery  
  17  1:10  SCV  
  18  1:22  SCV  
  19  1:36  Supply Depot, Orbital Command  
  19  1:42  Marine  
  19  1:45  Marine  
  21  1:59  Factory  
  21  2:05  Barracks Reactor  
  21  2:08  Barracks Tech Lab  
  21  2:10  SCV  
  22  2:22  SCV  
  23  2:31  Marine  
  23  2:32  Stimpack  
  23  2:34  SCV  
  25  2:45  Marine x2  
  25  2:46  SCV  
  25  2:47  Starport  
  28  2:55  Supply Depot  
  28  2:59  Marine  
  28  3:00  Factory Reactor  
  28  3:02  SCV  
  30  3:07  Marine  
  31  3:16  Marine  
  31  3:19  Marine  
  33  3:25  Starport Tech Lab  
  33  3:27  Marine  
  33  3:31  Engineering Bay  
  35  3:43  Supply Depot  
  37  3:49  Medivac  
  37  3:54  Medivac  
  38  3:56  Marine  
  39  4:05  Command Center  
  39  4:15  Marine  
  39  4:16  Marine x2  
  42  4:19  Widow Mine  
  44  4:24  Terran Infantry Weapons Level 1  
  44  4:33  Marine  
  44  4:34  Marine x2  
  39  5:05  Liberator  
  39  5:09  Siege Tank  
  42  5:14  Marauder  
  42  5:15  Marine x2  
  42  5:18  Orbital Command  
  49  5:47  Marine x2  
  49  5:48  Marauder  
  53  6:04  SCV  
  54  6:05  Marine x2  
  53  6:16  SCV  
  51  6:24  Liberator  
  51  6:28  SCV  
  52  6:40  Siege Tank  
  52  6:42  Marine x2  
  52  6:43  Marauder  
  46  6:56  SCV  
  40  7:08  SCV, Reaper x2  
  42  7:20  SCV  
  42  7:22  Orbital Command  
  40  7:32  SCV  
  41  7:44  SCV  
  41  7:47  Marine x2  
  44  7:51  SCV  
  44  7:57  SCV  
  46  8:03  SCV  
  47  8:09  SCV  
  48  8:16  SCV  
  47  8:28  SCV  
  45  8:37  Marine x3  
  45  8:38  Viking  
  25  9:17  Marine x3  
  27  9:35  Marine x3  
  21  9:42  SCV  
  15  9:46  SCV  
  16  9:53  Marine x3  
  16  9:55  SCV  
  16  9:58  SCV  
  16  10:07  SCV  
  16  10:10  Marine  
  16  10:11  Marine x2  
  16  10:29  Marine  
Tags
 
Add a new tag
Caveats
  • Supply blocks, unpowered buildings, or Contaminate may cause inaccurate times.
  • Supply counts are checked every 10 seconds.